 Dungeon Crawl Stone Soup version 0.30.1-4-g462c640d31 (webtiles) character file.

Game seed: 17678514086381285019

520 fireball365 the Cleaver (level 7, -16/59 HPs)
             Began as a Hill Orc Fighter on Sept 17, 2023.
             Demolished by an ogre
             ... wielding a +0 giant spiked club
              (30 damage)
             ... on level 5 of the Dungeon.
             The game lasted 00:09:52 (3392 turns).

fireball365 the Cleaver (Hill Orc Fighter)          Turns: 3392, Time: 00:09:53

Health: -16/59     AC:  9    Str: 27    XL:     7   Next: 21%
Magic:  7/7        EV: 10    Int:  8    God:
Gold:   276        SH:  0    Dex: 10    Spells: 6/6 levels left

rFire   + . .        l - +2 battleaxe (flame)
rCold   x . .        (shield currently unavailable)
rNeg    . . .        b - +0 scale mail
rPois   .            n - +2 hat
rElec   .            (no cloak)
rCorr   .            (no gloves)
SInv    .            (no boots)
Will    .....        (no amulet) Stlth
                     m - +6 ring of strength
HPRegen 0.29/turn    q - ring of fire
MPRegen 0.10/turn

%: no passive effects
@: no status effects
A: no striking features
a: no special abilities


You were on level 5 of the Dungeon.
You visited 1 branch of the dungeon, and saw 5 of its levels.

You collected 276 gold pieces.

Inventory:

Hand Weapons
 a - a +0 war axe
 l - a +2 battleaxe of flaming (weapon)
Armour
 b - a +0 scale mail (worn)
 c - a +1 buckler
 n - a +2 hat (worn)
Jewellery
 m - a +6 ring of strength (left hand)
 q - a ring of fire (right hand)
Scrolls
 f - a scroll of enchant armour
 h - 5 scrolls of teleportation
 i - 3 scrolls of identify
 r - 2 scrolls of blinking {unknown}
 s - a scroll of amnesia {unknown}
 v - 2 scrolls of fear {unknown}
 y - 4 scrolls of fog {unknown}
Potions
 d - a potion of might
 e - 2 potions of flight {unknown}
 g - a potion of lignification {unknown}
 j - a potion of heal wounds {unknown}
 k - 2 potions of mutation
 o - a potion of resistance {unknown}
 p - a potion of berserk rage {unknown}
 t - a potion of attraction {unknown}
 u - 3 potions of curing
 w - a potion of degeneration {unknown}
 x - a potion of brilliance {unknown}
 z - a potion of invisibility {unknown}


   Skills:
 - Level 4.1 Fighting
 + Level 8.0 Axes
 + Level 4.8 Armour
 + Level 1.1 Dodging
 + Level 0.6 Stealth
 + Level 3.8 Shields


You had 6 spell levels left.
You didn't know any spells.
Your spell library contained the following spells:

 Spells                   Type           Power      Damage    Failure   Level
 Freeze                   Ice            0%         1d3       67%         1
 Ensorcelled Hibernation  Hex/Ice        0%         N/A       80%         2
 Passwall                 Tmut/Erth      0%         N/A       80%         2
 Frozen Ramparts          Ice            0%         1d1       95%         3
 Hailstorm                Conj/Ice       0%         3d3       95%         3
 Swiftness                Air            0%         N/A       95%         3
 Volatile Blastmotes      Fire/Tloc      0%         2d10      95%         3
 Fulminant Prism          Conj/Hex       0%         3d5       100%        4
 Iskenderun's Mystic Bla  Conj/Tloc      0%         2d3       100%        4
 Lee's Rapid Deconstruct  Erth           0%         3d4*      100%        5


Dungeon Overview and Level Annotations

Branches:
Dungeon (5/15)
 Temple: D:4-7

Altars:
Elyvilon

Shops:
D:3 *!?*[


Message History

You now have 269 gold pieces (gained 13).
You pick up a book of Blasting and begin reading...
You add the spells Volatile Blastmotes, Fulminant Prism, Iskenderun's Mystic Blast and Lee's Rapid Deconstruction to your library.
Found a stone staircase leading down.
You now have 276 gold pieces (gained 7).
Found a falchion.
There is a stone staircase leading down here.
A scorpion and a black bear come into view.
The black bear growls angrily.
The scorpion moves out of view.
Found a yellow potion.
You see here a +0 falchion.
Found 20 gold pieces.
The scorpion barely misses you.
You closely miss the scorpion. You slash the black bear!
You burn the black bear.
The scorpion stings you but does no damage.
The black bear bites you but does no damage.
The black bear claws you but does no damage. x2
The scorpion stings you but does no damage.
You slice the scorpion!! You burn the scorpion.
You kill the scorpion!
You slice the black bear!! You burn the black bear.
You kill the black bear!
An ogre comes into view. It is wielding a +0 giant spiked club.
Your Axes skill increases to level 8!
You have reached level 7!
You see here a scorpion corpse.
The ogre closely misses you.
You closely miss the ogre.
The ogre hits you with a +0 giant spiked club!
You barely miss the ogre. The ogre hits you but does no damage.
You closely miss the ogre.
The ogre hits you with a +0 giant spiked club!!
Ouch! That really hurt!
* * * LOW HITPOINT WARNING * * *
You barely miss the ogre. You closely miss the ogre.
The ogre hits you with a +0 giant spiked club!!
Ouch! That really hurt!
You die...

#...#.###.##.#..... ...
##.##.# #.##.##.#.# ....
.......##....##.####....
.........>#.......#.$...
..........#...#.........
.............##.........
...........#†...!.....
.....###..).†.........
..... #.......@O..#...
.....#...#........#
..#.....##..####.....#
.##..... #... ....##
#..##. #.... ##.## #..
#. ##.... .# .. ...... #


You could see an ogre.

Vanquished Creatures
  A water moccasin (D:4)
  A black bear (D:5)
  A bullfrog (D:4)
  A scorpion (D:5)
  A hound (D:5)
  A jelly (D:4)
  An iguana (D:4)
  2 adders
  2 worms
  2 dart slugs
  4 orcs
  2 ball pythons
  5 bats
  4 endoplasms
  2 giant cockroaches
  12 goblins
  9 hobgoblins
  10 jackals
  8 kobolds
  A quokka (D:2)
  2 frilled lizards (D:2)
  2 rats
74 creatures vanquished.

Notes
Turn   | Place    | Note
-------+----------+-------------------------------------------
     0 | D:1      | fireball365 the Hill Orc Fighter began the quest for the
                  | Orb.
     0 | D:1      | Reached XP level 1. HP: 19/19 MP: 1/1
   295 | D:1      | Reached XP level 2. HP: 27/27 MP: 2/2
   766 | D:2      | Reached skill level 3 in Axes
   969 | D:2      | Reached XP level 3. HP: 33/33 MP: 3/3
  1219 | D:3      | Found Jaihiju's Assorted Antiques.
  1444 | D:3      | Found Civas's Magic Scroll Shoppe.
  1505 | D:3      | Reached skill level 4 in Axes
  1522 | D:3      | Reached XP level 4. HP: 39/40 MP: 4/4
  1533 | D:3      | Found Uluoz's Antique Armour Boutique.
  1535 | D:3      | Found Veorued's General Store.
  1657 | D:3      | Found Bom Ciph's Distillery.
  1669 | D:3      | Identified a scroll of acquirement
  1669 | D:3      | Acquired a +2 battleaxe of flaming
  2371 | D:4      | Found a white marble altar of Elyvilon.
  2484 | D:4      | Reached skill level 5 in Axes
  2484 | D:4      | Reached XP level 5. HP: 46/46 MP: 5/5
  2750 | D:4      | Reached skill level 6 in Axes
  2952 | D:4      | Noticed a water moccasin
  2959 | D:4      | Killed a water moccasin
  2960 | D:4      | Reached skill level 7 in Axes
  2960 | D:4      | Reached XP level 6. HP: 17/52 MP: 6/6
  3288 | D:5      | Entered Level 5 of the Dungeon
  3328 | D:5      | Reached skill level 1 in Dodging
  3378 | D:5      | Noticed a black bear
  3383 | D:5      | Killed a black bear
  3384 | D:5      | Reached skill level 8 in Axes
  3384 | D:5      | Reached XP level 7. HP: 59/59 MP: 7/7
  3392 | D:5      | Demolished by an ogre

Illustrated notes

Levels and vault maps discovered:
D:1:      minmay_arrival_arboretum_large, layout_rooms
D:2:      layout_loops_ring
D:3:      cheibrodos_greedy_goblins, layout_basic, serial_shops, shop,
          nicolae_shop_tiny_glass, nicolae_shop_behind_doors, shop,
          nicolae_shop_trees, dreamdust_princess_bridge
D:4:      layout_basic, elyvilon_altar_3, nicolae_figureground_pulse
D:5:      layout_cave_pools

Skill      XL: |  1  2  3  4  5  6 |
---------------+-------------------+-----
Axes           | 3 4 5 7 8 |  8.0
Fighting       | 4 |  4.1
Armour         | 4 |  4.8
Dodging        | 1 |  1.1
Stealth        | |  0.6
Shields        | |  3.8

Action                     |  1- 3 |  4- 6 |  7- 9 || total
---------------------------+-------+-------+-------++-------
  Melee: War axe           |   104 |     4 |       ||   108
         Battleaxe         |       |    67 |     5 ||    72
    Use: Scroll            |     2 |     3 |       ||     5
         Potion            |       |     1 |       ||     1
 Armour: Scale mail        |    88 |    38 |     1 ||   127
  Dodge: Dodged            |    65 |    44 |     1 ||   110
  Block: Buckler           |    43 |       |       ||    43
